 Dungeon Crawl Stone Soup version 0.27-a0-1189-gb8eb6cee8e (webtiles) character file.

Game seed: 14404758137437204291

2 Zonian the Digger (level 1, -1/14 HPs)
             Began as a Ghoul Earth Elementalist on May 22, 2021.
             Slain by a jackal (2 damage)
             ... on level 1 of the Dungeon.
             The game lasted 00:00:15 (49 turns).

Zonian the Digger (Ghoul Earth Elementalist)          Turns: 49, Time: 00:00:16

Health: -1/14      AC:  2    Str: 11    XL:     1   Next: 30%
Magic:  1/2        EV: 12    Int: 10    God:
Gold:   0          SH:  0    Dex:  9    Spells: 2/3 levels left

rFire    . . .     SeeInvis .   (no weapon)
rCold    + . .     Faith    .   (no shield)
rNeg     + + +     Spirit   .   c - +0 robe
rPois    ∞         Reflect  .   (no helmet)
rElec    .         Harm     .   (no cloak)
rCorr    .         Rampage  .   (no gloves)
Will     .....                  (no boots)
Stlth    ++........             (no amulet)
HPRegen  0.00/turn              (no ring)
MPRegen  0.08/turn              (no ring)

@: no status effects
A: claws 1, cold resistance 1, negative energy resistance 3, inhibited
regeneration, torment resistance 2
a: no special abilities


You were on level 1 of the Dungeon.
You visited 1 branch of the dungeon, and saw 1 of its levels.

Inventory:

Missiles
 b - 28 stones
Armour
 c - a +0 robe (worn)


   Skills:
 + Level 1.8 Dodging
 + Level 2.1 Stealth
 + Level 1.7 Spellcasting
 + Level 0.8 Transmutations
 + Level 3.4 Earth Magic


You had 2 spell levels left.
You knew the following spells:

 Your Spells              Type           Power      Damage    Failure   Level
a - Sandblast             Erth           14%        2d6       8%          1

Your spell library contained the following spells:

 Spells                   Type           Power      Damage    Failure   Level
 Passwall                 Tmut/Erth      4%         N/A       21%         2
 Stone Arrow              Conj/Erth      8%         3d7       43%         3
 Petrify                  Tmut/Erth      5%         N/A       80%         4
 Lee's Rapid Deconstruct  Erth           3%         3d6*      91%         5


Dungeon Overview and Level Annotations

Branches:
Dungeon (1/15)

Altars:


Innate Abilities, Weirdness & Mutations

You thrive by killing the living.
You are immune to poison.
You have sharp fingernails.
Your flesh is cold resistant. (rC+)
You are immune to negative energy. (rN+++)
You do not regenerate when monsters are visible.
You are immune to unholy pain and torment.


Message History

You are too depleted to draw on your mana recklessly!
You are too depleted to draw on your mana recklessly!
You are too depleted to draw on your mana recklessly!
Unknown command.
A jackal and a kobold come into view.
The kobold shouts!
The endoplasm freezes you.
You are frozen.
You resist.
The kobold throws a stone.
The stone closely misses you.
The jackal moves out of view.
The jackal barks!
You scratch the endoplasm.
You kill the endoplasm!
A jackal comes into view.
A jackal comes into view.
The jackal bites you. The jackal closely misses you.
You barely miss the jackal. The jackal bites you.
Unknown command.
The jackal bites you.
Your magical contamination has completely faded away.
Found a stone staircase leading down.
A jackal comes into view.
A hobgoblin comes into view.
The jackal closely misses you. The jackal misses you.
The jackal closely misses you.
Found an escape hatch in the floor.
You barely miss the jackal. The jackal bites you. The jackal misses you.
You scratch the jackal.
The jackal is heavily wounded.
The jackal barely misses you. The jackal closely misses you.
The jackal misses you. The jackal bites you.
The jackal bites you but does no damage.
Unknown command.
You barely miss the jackal.
The jackal is heavily wounded.
The jackal bites you.
* * * LOW HITPOINT WARNING * * *
The jackal bites you.
* * * LOW HITPOINT WARNING * * *
The jackal barely misses you. The jackal bites you.
You die... ###K##.... h......#.### h..h......# .######....#.######### .............#.......# ######.###..........# ##K.# ####........ #hhh#

##########. #@#.#
##≈≈≈≈≈≈≈≈.8
#.h#...#≈≈.....≈≈≈.
#h###..#≈..≈≈≈..≈≈.
.. .>#..≈≈≈≈≈..≈.
... ..#.≈≈...≈≈.≈.
..## ..+.≈..≈<≈..≈.
... +.≈.≈≈...≈≈.
..># #.≈..≈≈≈≈≈..
#.≈≈..≈≈≈..≈


You could see 5 jackals and a kobold.

Vanquished Creatures
  An endoplasm (D:1)
  A frilled lizard (D:1)
2 creatures vanquished.

Notes
Turn   | Place    | Note
-------+----------+-------------------------------------------
     0 | D:1      | Zonian the Ghoul Earth Elementalist began the quest for the
                  | Orb.
     0 | D:1      | Reached XP level 1. HP: 14/14 MP: 2/2
    49 | D:1      | Slain by a jackal

Illustrated notes

Levels and vault maps discovered:
D:1:      psy_arrival_whirlpool, layout_rooms

Action                   || total
-------------------------++-------
Melee: Unarmed           ||     5
 Cast: Sandblast         ||     2
Armor: Robe              ||     1
Dodge: Dodged            ||    10

Table legend: (Time is in decaauts)
 A = Elapsed time spent in this place.
 B = Non-inter-level travel time spent in this place.
 C = Inter-level travel time spent in this place.
 D = Time resting spent in this place.
 E = Time spent auto-exploring this place.
 F = Levels seen in this place.
 G = Mean time per level.
                   A        B        C        D        E       F      G
               +--------+--------+--------+--------+--------+-----+--------+
         Total |     50 |     50 |      0 |      0 |     30 |   1 |   50.0 |
       Dungeon |     50 |     50 |      0 |      0 |     30 |   1 |   50.0 |
               +--------+--------+--------+--------+--------+-----+--------+

Top non-repeatable levels by time:
     D:1: 50 daAuts
